 Dungeon Crawl Stone Soup version 0.30.1-9-gdf580d7c3d (webtiles) character file.

Game seed: 10593077217250518157

247 lonewolfV2 the Shield-Bearer (level 6, -10/48 HPs)
             Began as a Formicid Fighter on Oct 9, 2023.
             Killed from afar by a steam dragon (11 damage)
             ... with a ball of steam
             ... on level 4 of the Dungeon.
             The game lasted 00:04:20 (3584 turns).

lonewolfV2 the Shield-Bearer (Formicid Fighter)     Turns: 3584, Time: 00:04:21

Health: -10/48     AC:  7    Str: 21    XL:     6   Next: 34%
Magic:  6/6        EV: 10    Int:  7    God:
Gold:   112        SH:  5    Dex: 15    Spells: 5/5 levels left

rFire   . . .        a - +0 war axe
rCold   . . .        c - +0 buckler
rNeg    . . .        b - +0 scale mail
rPois   .            (helmet unavailable)
rElec   .            (no cloak)
rCorr   .            (no gloves)
SInv    +            (no boots)
Will    .....        f - amulet of magic regeneration Stlth
                     (no ring)
HPRegen 0.28/turn    (no ring)
MPRegen 0.50/turn

%: no passive effects
@: no status effects
A: permanent stasis, dig shafts and tunnels, antennae 3, four strong arms
a: Dig, Shaft Self


You were on level 4 of the Dungeon.
You visited 1 branch of the dungeon, and saw 5 of its levels.

You collected 112 gold pieces.

Inventory:

Hand Weapons
 a - a +0 war axe (weapon)
Armour
 b - a +0 scale mail (worn)
 c - a +0 buckler (worn)
Jewellery
 f - an amulet of magic regeneration (around neck)
Scrolls
 k - a scroll of amnesia
 l - 4 scrolls of poison
Potions
 d - a potion of ambrosia {unknown}
 e - 2 potions of curing
 h - 2 potions of mutation
 i - a potion of cancellation
 j - a potion of brilliance {unknown}
 m - a potion of invisibility {unknown}


   Skills:
 + Level 4.0 Fighting
 + Level 4.1 Axes
 + Level 4.4 Armour
 + Level 1.3 Dodging
 + Level 0.1 Stealth
 + Level 5.1 Shields


You had 5 spell levels left.
You didn't know any spells.
Your spell library contained the following spells:

 Spells                   Type           Power      Damage    Failure   Level
 Apportation              Tloc           0%         N/A       83%         1
 Magic Dart               Conj           0%         1d3       83%         1
 Summon Small Mammal      Summ           0%         N/A       83%         1
 Call Imp                 Summ           0%         N/A       92%         2
 Call Canine Familiar     Summ           0%         N/A       99%         3
 Mephitic Cloud           Conj/Pois/Air  0%         N/A       99%         3
 Ozocubu's Armour         Ice            0%         N/A       99%         3
 Summon Guardian Golem    Hex/Summ       0%         N/A       99%         3
 Alistair's Intoxication  Tmut/Pois      0%         N/A       100%        5
 Metabolic Englaciation   Hex/Ice        0%         N/A       100%        5
 Simulacrum               Ice/Necr       0%         N/A       100%        6


Dungeon Overview and Level Annotations

Branches:
Dungeon (5/15)
 Temple: D:4-7

Altars:
Sif Muna


Innate Abilities, Weirdness & Mutations

You cannot be hasted, slowed, berserked, paralysed or teleported.
You can dig through walls and to a lower floor.
You have a pair of large antennae on your head. (SInv)
Your four strong arms can wield two-handed weapons with a shield.


Message History

You can't see that place. [a rock wall.]
As you read the scroll of fear, it crumbles to dust.
You assume a fearsome visage.
The steam dragon looks frightened!
The orc priest looks frightened!
You are engulfed in a cloud of scalding steam.
Your transformation is almost over.
You feel less wooden.
Your +0 scale mail unmelds from your body.
You see here a dart slug corpse.
There is a stone staircase leading down here.
You climb downwards.
You hear the sound of rushing water.
There is an entrance to a sewer on this level.
Hurry and find it before the portal rusts away!
There is a stone staircase leading up here.
You start resting.
You hear the slow rusting of a very distant drain.
You start resting.
HP restored.
You start waiting.
You hear the slow rusting of a very distant drain.
You climb upwards.
There is a stone staircase leading down here.
The orc priest shoots an arrow.
The arrow hits you but does no damage.
The orc priest shoots an arrow.
The arrow hits you.
The orc priest shoots an arrow.
You block the arrow.
The orc priest shoots an arrow.
The arrow hits you.
The orc priest invokes the aid of Beogh against you.
Beogh smites you! The steam dragon breathes steam at you.
The ball of steam hits you!!
* * * LOW HITPOINT WARNING * * *
The orc priest shoots an arrow.
The arrow barely misses you.
You slash the steam dragon!
The steam dragon is heavily wounded.
You are engulfed in a cloud of scalding steam.
* * * LOW HITPOINT WARNING * * *
The steam dragon breathes steam at you. The ball of steam hits you!
You die...

######## #########
#......# #...)...#
##......# #.#####.#
#.......# #.#
###.###.......# #.#
#....##.......#
#.###.#####.(§§§§.#.
#...#>....§..§.§§...
###.#..)[...§@D§..#.
#...#..#.............
#.###.......o######..
#.# #.######.# #.#
#.........# #.#
######....# #.#####
#....# #.....# #....#
#####.####.#.#


You could see a steam dragon (catching breath) and an orc priest.

Vanquished Creatures
  An orc priest (D:4)
  A gnoll bouda (D:4)
  A sleepcap (D:4)
  2 orc wizards
  3 gnolls (D:4)
  An adder (D:3)
  An ufetubus (D:4)
  3 worms
  2 dart slugs
  5 orcs
  2 bats (D:1)
  5 endoplasms
  A giant cockroach (D:3)
  5 goblins
  4 hobgoblins
  4 jackals (D:4)
  3 quokkas (D:3)
  6 ball pythons
  3 frilled lizards
  3 kobolds
  4 rats
60 creatures vanquished.

Notes
Turn   | Place    | Note
-------+----------+-------------------------------------------
     0 | D:1      | lonewolfV2 the Formicid Fighter began the quest for the
                  | Orb.
     0 | D:1      | Reached XP level 1. HP: 18/18 MP: 1/1
   174 | D:1      | Reached XP level 2. HP: 21/24 MP: 2/2
   270 | D:1      | Found a faded altar of an unknown god.
   310 | D:1      | You fall into a shaft and drop 1 floor!
   399 | D:2      | Found a shimmering blue altar of Sif Muna.
   986 | D:2      | Reached XP level 3. HP: 29/29 MP: 3/3
  1790 | D:3      | Reached XP level 4. HP: 13/37 MP: 4/4
  2634 | D:4      | Reached XP level 5. HP: 29/42 MP: 5/5
  2637 | D:4      | Reached skill level 1 in Dodging
  2637 | D:4      | Reached skill level 5 in Shields
  3030 | D:4      | Reached XP level 6. HP: 18/48 MP: 6/6
  3428 | D:4      | Noticed a steam dragon
  3471 | D:5      | Entered Level 5 of the Dungeon
  3584 | D:4      | HP: 1/48 [steam dragon] (5)]
  3584 | D:4      | Killed from afar by a steam dragon

Illustrated notes

Levels and vault maps discovered:
D:1:      amcnicky_arrival_choice, layout_rooms,
          dreamdust_ecumenical_altar_hidden_monk_grotto, corexii_hall_statues_l
D:2:      layout_rooms, basic_altar, roderic_serpentine_path, grunt_ministairs_3
D:3:      layout_loops_ring
D:4:      layout_basic, minmay_misc_feat_ornament
D:5:      layout_loops_ring, lemuel_coloured_pillars_altar,
          minmay_temple_entry_tees, portal_sewer_entry_b, moated_statue,
          grunt_ministairs_13, uniq_edmund

Skill      XL: |  1  2  3  4  5  6 |
---------------+-------------------+-----
Axes           | 3 4 |  4.1
Dodging        | 1 |  1.3
Shields        | 5 |  5.1
Armour         | 4 |  4.4
Fighting       | 4 |  4.0
Stealth        | |  0.1

Action                     |  1- 3 |  4- 6 || total
---------------------------+-------+-------++-------
  Melee: War axe           |    97 |    79 ||   176
    Use: Scroll            |     9 |     5 ||    14
         Potion            |       |     5 ||     5
 Armour: Scale mail        |    46 |    36 ||    82
         Skin              |       |    25 ||    25
  Dodge: Dodged            |    49 |    50 ||    99
  Block: Buckler           |    39 |    31 ||    70
